 Dungeon Crawl Stone Soup version 0.30-a0-381-g6ea064c7b4 (webtiles) character file.

Game seed: 819117258543070587

193 qeuew the Magician (level 5, -6/28 HPs)
             Began as a Deep Elf Air Elementalist on Dec 1, 2022.
             Killed by nerve-wracking pain
             ... invoked by Grinder
              (9 damage)
             ... on level 3 of the Dungeon.
             The game lasted 00:02:44 (2667 turns).

qeuew the Magician (Deep Elf Air Elementalist)      Turns: 2667, Time: 00:02:45

Health: -6/28      AC:  3    Str:  7      XL:     5   Next: 43%
Magic:  10/13      EV: 13    Int: 20      God:
Gold:   89         SH:  0    Dex: 14 (17) Spells: 9/12 levels left

rFire   . . .      SeeInvis +    i - +9 quarterstaff "Veips" {speed, Dex+2 SInv}
rCold   . . .      Faith    .    (shield currently unavailable)
rNeg    . . .      Spirit   .    a - +0 robe
rPois   .          Reflect  .    (no helmet)
rElec   .          Harm     .    (no cloak)
rCorr   .          Rampage  .    (no gloves)
Will    .....                    (no boots)
Stlth   ++........               (no amulet)
HPRegen 0.24/turn                (no ring)
MPRegen 0.13/turn                (no ring)

@: no status effects
A: hooves 1, iridescent scales 1, see invisible, deformed body
a: no special abilities


You were on level 3 of the Dungeon.
You visited 1 branch of the dungeon, and saw 3 of its levels.

You collected 89 gold pieces.

Inventory:

Hand Weapons
 i - the +9 quarterstaff "Veips" (weapon) {speed, Dex+2 SInv}
   (You found it on level 2 of the Dungeon)

   Attacks with this weapon are significantly faster.
   Dex:       It affects your dexterity (+2).
   SInv:      It lets you see invisible.
Armour
 a - a +0 robe (worn)
Wands
 g - a wand of digging (6)
Scrolls
 c - 2 scrolls of identify
 f - a scroll of teleportation {unknown}
Potions
 b - a potion of magic
 e - 3 potions of haste


   Skills:
 - Level 0.7 Short Blades
 + Level 0.6 Staves
 + Level 1.1 Armour
 * Level 3.6 Dodging
 * Level 3.6 Stealth
 * Level 4.1 Spellcasting
 * Level 2.5 Conjurations
 * Level 3.6 Air Magic


You had 9 spell levels left.
You knew the following spells:

 Your Spells              Type           Power      Damage    Failure   Level
a - Shock                 Conj/Air       64%        1d7       3%          1
b - Static Discharge      Conj/Air       32%        2-4/arc   5%          2

Your spell library contained the following spells:

 Spells                   Type           Power      Damage    Failure   Level
 Magic Dart               Conj           56%        1d5       4%          1
 Swiftness                Air            18%        N/A       9%          3
 Mephitic Cloud           Conj/Pois/Air  12%        N/A       17%         3
 Call Imp                 Summ           4%         N/A       19%         2
 Sublimation of Blood     Necr           4%         N/A       19%         2
 Airstrike                Air            9%         2d(2-18)  28%         4
 Petrify                  Tmut/Erth      4%         N/A       77%         4
 Irradiate                Conj/Tmut      4%         3d13      91%         5


Dungeon Overview and Level Annotations

Branches:
Dungeon (3/15)

Altars:
The Shining One

Annotations:
D:3 Grinder


Innate Abilities, Weirdness & Mutations

You have large cloven feet.
You are partially covered in iridescent scales. (AC +2)
You have supernaturally acute eyesight. (SInv)
Armour fits poorly on your strangely shaped body.


Message History

You are too injured to fight recklessly!
You are too injured to fight recklessly!
Grinder is nearby!
You are too injured to fight recklessly!
Aiming: Shock (safe; 3% risk of failure)
Press: ? - help, Q - select action, (/) - cycle Shift-Dir - straight line, f/p - Grinder
Aim: Grinder (lightly wounded, 68% to hit)
The zap hits Grinder.
Grinder is lightly wounded.
Grinder gestures at you. Pain shoots through your body!
* * * LOW HITPOINT WARNING * * *
It was a potion of mutation.
You feel extremely strange.
Iridescent scales grow over part of your body.
Your body twists and deforms.
Your feet thicken and deform.
Your vision sharpens.
Grinder blinks!
Unknown command.
Grinder gestures at you. You resist with significant effort.
You sock Grinder!
Grinder is moderately wounded.
Grinder barely misses you.
You sock Grinder! Your kick misses Grinder.
Grinder is heavily wounded.
You hit Grinder. You kick Grinder, but do no damage.
Grinder is severely wounded.
Grinder barely misses you.
You sock Grinder! Your kick misses Grinder.
Grinder is almost dead.
Grinder hits you.
* * * LOW HITPOINT WARNING * * *
You writhe in agony.
* * * LOW HITPOINT WARNING * * *
Unknown command.
You closely miss Grinder. You kick Grinder, but do no damage.
Grinder is almost dead.
Grinder gestures at you. Pain shoots through your body!
You die...

# #########.
.†........ #######
##..####.# #.....#
....####.#.###.....#
...........#.......#
....#..#.# #.#..@5.#
##.......# #.#.....#
....#..#####.#######
###......#......#
#.÷.....#.#.##.#
#..#...........#
#..#........#..#
##..###..#.###....
.........#... .###


You could see Grinder.

Vanquished Creatures
  A necrophage (D:3)
  A hound (D:3)
  Terence (D:2)
  An adder (D:2)
  3 worms
  A dart slug (D:1)
  6 bats
  6 endoplasms
  7 goblins
  4 hobgoblins
  5 jackals
  A quokka (D:2)
  7 ball pythons
  3 frilled lizards
  5 kobolds
  8 rats
60 creatures vanquished.

Notes
Turn   | Place    | Note
-------+----------+-------------------------------------------
     0 | D:1      | qeuew the Deep Elf Air Elementalist began the quest for the
                  | Orb.
     0 | D:1      | Reached XP level 1. HP: 10/10 MP: 6/6
   270 | D:1      | Reached XP level 2. HP: 15/15 MP: 5/8
  1165 | D:2      | Reached XP level 3. HP: 17/19 MP: 6/9
  1346 | D:2      | Found a glowing golden altar of the Shining One.
  1421 | D:2      | Noticed Terence
  1436 | D:2      | Killed Terence
  1587 | D:2      | Reached XP level 4. HP: 15/24 MP: 5/11
  1705 | D:2      | Identified the +9 quarterstaff "Veips" {speed, Dex+2 SInv}
  2121 | D:3      | Learned a level 2 spell: Static Discharge
  2139 | D:3      | Reached skill level 1 in Armour
  2255 | D:3      | Noticed a necrophage
  2264 | D:3      | Killed a necrophage
  2265 | D:3      | Reached skill level 4 in Spellcasting
  2265 | D:3      | Reached XP level 5. HP: 23/28 MP: 8/13
  2650 | D:3      | Noticed Grinder
  2660 | D:3      | Gained mutation: You are partially covered in iridescent
                  | scales. (AC +2) [potion of mutation]
  2660 | D:3      | Gained mutation: Armour fits poorly on your strangely
                  | shaped body. [potion of mutation]
  2660 | D:3      | Gained mutation: You have large cloven feet. [potion of
                  | mutation]
  2660 | D:3      | Gained mutation: You have supernaturally acute eyesight.
                  | (SInv) [potion of mutation]
  2667 | D:3      | Killed from afar by Grinder

Illustrated notes

Levels and vault maps discovered:
D:1:      wander_arrival_fairy_ring, layout_basic
D:2:      minmay_diamond_boxcup, layout_loops_ring, basic_altar,
          minmay_misc_feat_plants, nicolae_underground_beach, uniq_terence
D:3:      layout_loops_cross, uniq_grinder

Skill      XL: |  1  2  3  4 |
---------------+-------------+-----
Dodging        | 3 |  3.6
Stealth        | 3 |  3.6
Conjurations   | 2 |  2.5
Armour         | 1 |  1.1
Spellcasting   | 4 |  4.1
Short Blades   | |  0.7
Staves         | |  0.6
Air Magic      | |  3.6

Action                   |  1- 3 |  4- 6 || total
-------------------------+-------+-------++-------
Melee: Unarmed           |     4 |       ||     4
       Dagger            |    21 |     8 ||    29
       Quarterstaff      |       |    16 ||    16
       Kick              |       |     2 ||     2
 Cast: Shock             |    71 |    48 ||   119
  Use: Potion            |     4 |     2 ||     6
       Scroll            |     1 |     5 ||     6
Armor: Robe              |     4 |     3 ||     7
Dodge: Dodged            |    35 |    22 ||    57

Table legend: (Time is in decaauts)
 A = Elapsed time spent in this place.
 B = Non-inter-level travel time spent in this place.
 C = Inter-level travel time spent in this place.
 D = Time resting spent in this place.
 E = Time spent auto-exploring this place.
 F = Levels seen in this place.
 G = Mean time per level.
                   A        B        C        D        E       F      G
               +--------+--------+--------+--------+--------+-----+--------+
         Total |   2662 |   2597 |     65 |      0 |   2247 |   3 |  887.3 |
       Dungeon |   2662 |   2597 |     65 |      0 |   2247 |   3 |  887.3 |
               +--------+--------+--------+--------+--------+-----+--------+

Top non-repeatable levels by time:
     D:2: 1179 daAuts
     D:1: 933 daAuts
     D:3: 549 daAuts
